 Dungeon Crawl Stone Soup version 0.31-a0-1611-g890cdf5628 (webtiles) character file.

Game seed: 431734382914012698

8762 bobo the Blocker (level 11, -8/84 HPs)
             Began as a Merfolk Summoner on Jan 9, 2024.
             Was a Believer of the Shining One.
             Shot with a bolt by a yaktaur captain (14 damage)
             ... on level 11 of the Dungeon.
             The game lasted 00:42:49 (11558 turns).

bobo the Blocker (Merfolk Summoner)                Turns: 11558, Time: 00:42:50

Health: -8/84      AC: 19    Str: 20    XL:     11   Next: 35%
Magic:  15/20      EV: 10    Int: 16    God:    the Shining One [**....]
Gold:   476        SH: 15    Dex: 14    Spells: 8/22 levels left

rFire   . . .        J - +1 trident
rCold   . . .        I - +0 buckler {reflect}
rNeg    + . .        e - +5 scale mail of Mirth {rPois Str+2}
rPois   +            L - +1 helmet
rElec   .            (no cloak)
rCorr   .            u - +0 pair of gloves
SInv    .            t - +0 pair of boots
Will    .....        h - amulet of the acrobat
Stlth   +            x - +6 ring of strength
HPRegen 0.34/turn    k - +4 ring of protection
MPRegen 0.17/turn

%: reflection, acrobat
@: divinely shielded, glowing, inugami summoned
A: (nimble swimmer 2), mertail
a: Renounce Religion, Divine Shield


You were on level 11 of the Dungeon.
You worshipped the Shining One.
The Shining One was pleased with you.
You visited 2 branches of the dungeon, and saw 12 of its levels.

You collected 506 gold pieces.
You spent 30 gold pieces at shops.

Inventory:

Hand Weapons
 B - a +2 halberd of freezing
 J - a +1 trident (weapon)
Armour
 e - the +5 scale mail of Mirth (worn) {rPois Str+2}
   (You found it on level 3 of the Dungeon)

   Str+2:     It affects your strength (+2).
   rPois:     It protects you from poison
 j - a +0 leather armour of willpower
 t - a +0 pair of boots (worn)
 u - a +0 pair of gloves (worn)
 I - a +0 buckler of reflection (worn)
 L - a +1 helmet (worn)
Jewellery
 f - a ring of protection from cold
 h - an amulet of the acrobat (around neck)
 k - a +4 ring of protection (right hand)
 l - a ring of protection from fire
 q - a ring of resist corrosion
 x - a +6 ring of strength (left hand)
Wands
 g - a wand of charming (7)
 o - a wand of flame (4) (quivered)
 E - a wand of light (8)
 G - a wand of mindburst (10)
Scrolls
 i - 4 scrolls of immolation
 p - a scroll of revelation
 s - a scroll of teleportation
 w - a scroll of silence
 y - a scroll of butterflies
 D - a scroll of amnesia {unknown}
 H - a scroll of enchant weapon
 K - a scroll of acquirement {unknown}
Potions
 a - a potion of haste {unknown}
 b - 2 potions of magic
 c - a potion of resistance
 n - 3 potions of mutation
 r - 2 potions of enlightenment
 z - a potion of curing
 C - a potion of brilliance {unknown}
 F - a potion of attraction {unknown}


   Skills:
 + Level 7.1 Fighting
 + Level 7.4 Polearms
 + Level 0.1 Armour
 + Level 2.6 Dodging
 - Level 2.1 Stealth
 - Level 9.8 Shields
 + Level 6.3 Spellcasting
 + Level 6.1 Summonings
 - Level 3.2 Fire Magic
 - Level 3.4 Air Magic
 - Level 5.3 Invocations


You had 8 spell levels left.
You knew the following spells:

 Your Spells              Type           Power      Damage    Failure   Level
a - Summon Small Mammal   Summ           96%        N/A       3%          1
b - Summon Blazeheart Go  Fire/Summ      20%        N/A       56%         4
d - Call Canine Familiar  Summ           24%        N/A       11%         3
s - Call Imp              Summ           48%        N/A       5%          2
x - Summon Lightning Spi  Summ/Air       20%        N/A       54%         4

Your spell library contained the following spells:

 Spells                   Type           Power      Damage    Failure   Level
 Foxfire                  Conj/Fire      40%        2x1d6     24%         1
 Apportation              Tloc           10%        N/A       43%         1
 Necrotise                Necr           20%        1d5       43%         1
 Sting                    Conj/Alch      20%        1d4       43%         1
 Jinxbite                 Hex            10%        N/A       58%         2
 Tukima's Dance           Hex            5%         N/A       82%         3
 Dimensional Bullseye     Hex/Tloc       2%         N/A       99%         4
 Iskenderun's Mystic Bla  Conj/Tloc      5%         2d3       99%         4
 Yara's Violent Unravell  Hex/Alch       2%         3d3       100%        5
 Plasma Beam              Fire/Air       7%         2x1d18    100%        6
 Starburst                Conj/Fire      5%         6d4       100%        6
 Enfeeble                 Hex            2%         N/A       100%        7
 Orb of Destruction       Conj           2%         9d5       100%        7
 Spellforged Servitor     Conj/Summ      7%         N/A       100%        7


Dungeon Overview and Level Annotations

Branches:
Dungeon (11/15)            Temple (1/1) D:5            Lair (0/5) D:11
    Orc: D:9-12

Altars:
Ashenzari
Cheibriados
Dithmenos
Elyvilon
Fedhas
Gozag
Hepliaklqana
Kikubaaqudgha
Makhleb
Nemelex Xobeh
Okawaru
Qazlal
Ru
Sif Muna
Trog
Uskayaw
Vehumet
Wu Jian
Xom
Yredelemnul
Zin
The Shining One

Shops:
D:2 ?=:=(

Portals:
Trove: D:11 (give 4 potions of resistance)

Annotations:
D:8 3 runed translucent doors, experimilk's ghost, novice TrGl; tmcgee265's ghost, novice BaFi


Innate Abilities, Weirdness & Mutations

((You are very nimble when in or above water. (Stealth+, EV+, Speed+++)))
Your lower body shifts to a powerful aquatic tail in water.


Message History

You swap places.
You puncture the yaktaur captain!
The yaktaur captain is lightly wounded.
The yaktaur captain hits you with the +1 arbalest of Forgiveness {penet, Fly rPois Int+6 Stlth-}!
A vampire comes into view. It is wielding a +0 spear.
You hit the yaktaur captain.
The yaktaur captain is lightly wounded.
Your inugami hits the yaktaur captain but does no damage.
The yaktaur captain hits you but does no damage.
You hit the yaktaur captain.
The yaktaur captain is moderately wounded.
Your inugami hits the yaktaur captain.
The yaktaur captain hits you with the +1 arbalest of Forgiveness {penet, Fly rPois Int+6 Stlth-}!!
* * * LOW HITPOINT WARNING * * *
Okay, then.
Unknown command.
Your shield is strengthened by the Shining One's divine power.
Your inugami hits the yaktaur captain but does no damage.
You block the yaktaur captain's attack.
Casting: Call Canine Familiar (dangerous; 11% risk of failure)
Confirm with . or Enter, or press ? or * to list all spells.
Okay, then.
Unknown command.
You hit the yaktaur captain but do no damage.
The yaktaur captain is moderately wounded.
Your inugami hits the yaktaur captain! You block the yaktaur captain's attack.
The vampire gestures wildly while chanting.
The vampire flickers and vanishes!
Deactivating autopickup; reactivate with Ctrl-A.
Your inugami barely misses the yaktaur captain.
The yaktaur captain shoots a bolt.
The bolt pierces through you!!
* * * LOW HITPOINT WARNING * * *
Things that are here:
a +0 robe; a +0 dagger Your inugami hits the yaktaur captain.
The yaktaur captain shoots a bolt.
The bolt closely misses you.
There is a stone staircase leading up, spattered with blood here.
Your inugami hits the yaktaur captain.
The yaktaur captain shoots a bolt.
The bolt pierces through you!
You die...

#.8.8..# .....
#8.∩.8.## .....
#.8.8.(.# ...... ..
#..8...[####.....##
. #.......÷..[##
....
####.>.......##...
#....#.).......## .
###..##.....o...#..
.......[.@.........
.........[)........
##...#...h.V........
#####....c.........
##.....$......#
##....##......
##..## ...... #...#
...... #..## .....


You could see a yaktaur captain (ally target), a vampire (invisible), an orc and
a friendly inugami (summoned).

Vanquished Creatures
  3 two-headed ogres
  Sigmund (D:6)
  A wraith (D:11)
  11 yaks
  A wyvern (D:10)
  A water moccasin (D:7)
  An orc warrior (D:11)
  2 ice beasts
  2 wolves
  2 centaurs
  A phantom (D:3)
  A bullfrog (D:8)
  A brain worm (shapeshifter) (D:10)
  A gnoll sergeant (D:9)
  3 wights
  A killer bee (D:10)
  2 howler monkeys (D:9)
  A hound (D:5)
  A jelly (D:5)
  3 orc priests
  2 iguanas
  Natasha (twice) (D:4)
  9 orc wizards
  4 gnolls
  An adder (D:6)
  A white imp (D:6)
  An ufetubus (D:6)
  A ribbon worm (D:4)
  11 orcs
  3 bats
  An endoplasm (D:1)
  2 giant cockroaches (D:2)
  2 hobgoblins (D:1)
  2 kobolds
  A ball python (D:3)
  A frilled lizard (D:3)
  4 rats
88 creatures vanquished.

Vanquished Creatures (collateral kills)
  2 two-headed ogres (D:10)
  2 wyverns
  3 yaks
  2 acid dragons (D:11)
  An orc warrior (D:11)
  An ice beast (D:8)
  A sky beast (D:7)
  An ogre (D:6)
  A gnoll sergeant (D:8)
  A scorpion (D:5)
  2 wights
  A howler monkey (D:9)
  A hound (D:5)
  A gnoll bouda (D:5)
  An orc priest (D:8)
  A sleepcap (D:6)
  Natasha (D:4)
  Ijyb (D:3)
  2 orc wizards
  9 gnolls
  9 adders
  3 ufetubi
  2 dart slugs
  3 ribbon worms
  10 orcs
  4 ball pythons
  A bat (D:1)
  An endoplasm (D:2)
  7 hobgoblins
  6 jackals
  A frilled lizard (D:1)
  3 goblins
  4 kobolds
  2 rats (D:3)
91 creatures vanquished.

Vanquished Creatures (others)
  11 blazeheart cores
11 creatures vanquished.

Grand Total: 190 creatures vanquished

Notes
Turn   | Place    | Note
-------+----------+-------------------------------------------
     0 | D:1      | bobo the Merfolk Summoner began the quest for the Orb.
     0 | D:1      | Reached XP level 1. HP: 13/13 MP: 3/3
   195 | D:1      | Reached XP level 2. HP: 20/20 MP: 1/5
   203 | D:1      | Reached skill level 1 in Fighting
   381 | D:1      | Learned a level 2 spell: Call Imp
   651 | D:2      | Reached XP level 3. HP: 26/26 MP: 1/6
   923 | D:2      | Found Guse's Jewellery Boutique.
   970 | D:2      | Found Retysot's Book Shoppe.
   976 | D:2      | Found Nadghixzu's Jewellery Shoppe.
  1169 | D:2      | Found Uduemeirr's Antique Weapon Shoppe.
  1324 | D:2      | Found Tuqumuxa's Magic Scroll Emporium.
  1332 | D:2      | Bought a scroll of identify for 20 gold pieces
  1335 | D:2      | Bought a scroll of noise for 10 gold pieces
  1376 | D:3      | Noticed a phantom
  1454 | D:3      | Reached XP level 4. HP: 33/33 MP: 5/8
  1476 | D:2      | Learned a level 3 spell: Call Canine Familiar
  1486 | D:3      | Killed a phantom
  1487 | D:3      | Reached XP level 5. HP: 33/40 MP: 6/9
  1577 | D:3      | Identified the +5 scale mail of Mirth {rPois Str+2}
  1897 | D:3      | Noticed Ijyb
  1917 | D:3      | Killed Ijyb
  1918 | D:3      | Reached skill level 5 in Summonings
  1969 | D:3      | Learned a level 4 spell: Summon Blazeheart Golem
  2568 | D:4      | Noticed Natasha
  2666 | D:4      | Reached skill level 1 in Polearms
  2666 | D:4      | Reached XP level 6. HP: 38/47 MP: 2/11
  2669 | D:4      | Killed Natasha
  2959 | D:4      | Noticed Natasha
  2963 | D:4      | Killed Natasha
  2978 | D:4      | Noticed Natasha
  2984 | D:4      | Killed Natasha
  4041 | D:5      | Entered Level 5 of the Dungeon
  4041 | D:5      | Found a staircase to the Ecumenical Temple.
  4053 | D:5      | Reached XP level 7. HP: 33/54 MP: 7/12
  4165 | Temple   | Entered the Ecumenical Temple
  4188 | Temple   | Became a worshipper of the Shining One
  4258 | D:5      | Learned a level 4 spell: Summon Lightning Spire
  4701 | D:5      | Reached skill level 1 in Invocations
  5172 | D:5      | Reached skill level 1 in Air Magic
  5212 | D:6      | Reached skill level 1 in Fire Magic
  5299 | D:6      | Reached XP level 8. HP: 61/61 MP: 7/14
  5555 | D:6      | Reached * piety under the Shining One
  5709 | D:6      | Noticed Sigmund
  5719 | D:6      | Killed Sigmund
  5720 | D:6      | Reached skill level 5 in Fighting
  6120 | D:7      | Reached skill level 5 in Spellcasting
  6418 | D:7      | Reached skill level 5 in Polearms
  6875 | D:8      | Reached XP level 9. HP: 68/68 MP: 16/16
  7047 | D:8      | Noticed a two-headed ogre
  7063 | D:8      | Killed a two-headed ogre
  7188 | D:8      | Found a runed translucent gate.
  7191 | D:8      | Found a runed translucent gate.
  7192 | D:8      | Found a runed translucent gate.
  7194 | D:8      | Noticed experimilk's ghost (novice TrGl)
  7194 | D:8      | Noticed tmcgee265's ghost (novice BaFi)
  7665 | D:8      | Found a white marble altar of Elyvilon.
  8032 | D:9      | Reached skill level 1 in Shields
  8162 | D:9      | Reached skill level 2 in Shields
  8191 | D:9      | Reached skill level 3 in Shields
  8191 | D:9      | Reached XP level 10. HP: 28/77 MP: 16/18
  8527 | D:9      | Reached skill level 4 in Shields
  8588 | D:9      | Reached skill level 5 in Shields
  8698 | D:9      | Found a burning altar of Makhleb.
  8699 | D:9      | Noticed a cacodemon
  8973 | D:10     | Entered Level 10 of the Dungeon
  9029 | D:10     | Reached skill level 6 in Shields
  9142 | D:10     | Noticed a two-headed ogre
  9155 | D:10     | Killed a two-headed ogre
  9156 | D:10     | Reached skill level 7 in Shields
  9246 | D:10     | Noticed a two-headed ogre
  9253 | D:10     | Killed a two-headed ogre
  9254 | D:10     | Reached skill level 8 in Shields
  9465 | D:10     | Reached skill level 9 in Shields
  9797 | D:10     | Reached XP level 11. HP: 56/83 MP: 17/19
  9881 | D:10     | Noticed a boulder beetle
  9894 | D:10     | a black bear changed into a salamander
  9894 | D:10     | Noticed a salamander (shapeshifter)
  9908 | D:10     | a salamander changed into a brain worm
  9935 | D:10     | HP: 2/83 [boulder beetle (17)]
 10592 | D:11     | Noticed a two-headed ogre
 10592 | D:11     | Reached ** piety under the Shining One
 10592 | D:11     | Noticed a two-headed ogre
 10600 | D:11     | Killed a two-headed ogre
 10610 | D:11     | Killed a two-headed ogre
 10611 | D:11     | Reached skill level 5 in Invocations
 10718 | D:11     | Noticed a two-headed ogre
 10719 | D:11     | Noticed a centaur warrior
 10775 | D:11     | Found a portal to a secret trove of treasure.
 10898 | D:11     | Noticed a manticore
 11212 | D:11     | Found a staircase to the Lair.
 11373 | D:11     | Identified the +1 arbalest of Forgiveness {penet, Fly rPois
                  | Int+6 Stlth-}
 11373 | D:11     | Noticed a yaktaur captain
 11558 | D:11     | Shot with a bolt by a yaktaur captain

Illustrated notes

Levels and vault maps discovered:
D:1:      spicycebolla_arrival_ecumenical, layout_rooms, minmay_pentomino_v2
D:2:      layout_loops_cross, serial_shops, shop, shop, nicolae_shop_scrapyard,
          shop, shop
D:3:      layout_basic, serial_bayou, serial_bayou_ford_a, serial_bayou_pond_e,
          serial_bayou_pond_d, serial_bayou_lagoon_a, serial_bayou_pond_b,
          serial_bayou_pond_d, uniq_ijyb
D:4:      layout_basic, uniq_natasha
D:5:      layout_loops_ring, minmay_temple_entry_drinking_statues
D:6:      layout_rooms, uniq_sigmund
D:7:      layout_basic
D:8:      layout_basic, kennysheep_little_box, gammafunk_ghost_cemetery,
          serial_glass, glass_columns_b, glass_columns_b, glass_columns_a,
          glass_columns_c, glass_columns_c, glass_columns_a, glass_columns_a,
          glass_columns_a, hangedman_abyss_or_decor_clamps
D:9:      layout_roguey, makhleb_altar_promises_db, st_stairs_5,
          minmay_misc_feat_tiny
D:10:     layout_basic
D:11:     nzn_winding_woodlands_cross [nzn_winding_woodlands_5x15_concentric,
          nzn_winding_woodlands_5x15_pockets,
          nzn_winding_woodlands_5x15_default, nzn_winding_woodlands_5x15_parted,
          nzn_winding_woodlands_15x15_five_gardens], layout_cave_pools,
          erik_lair_orcish_takeover, minmay_orc_entry_guard_dogs, enter_trove_2,
          grunt_potential
Temple:   mainiacjoe_temple_big_plus

Skill      XL: |  1  2  3  4  5  6  7  8  9 10 11 |
---------------+----------------------------------+-----
Fighting       | 1 2 3 4 5 6 7 |  7.1
Spellcasting   | 3 4 5 6 |  6.3
Summonings     | 5 6 |  6.1
Polearms       | 1 2 3 5 6 7 |  7.4
Invocations    | 1 3 4 5 |  5.3
Air Magic      | 1 2 3 |  3.4
Fire Magic     | 1 2 3 |  3.2
Shields        | 3 9 |  9.8
Armour         | |  0.1
Dodging        | |  2.6
Stealth        | |  2.1

Action                     |  1- 3 |  4- 6 |  7- 9 | 10-12 || total
---------------------------+-------+-------+-------+-------++-------
  Melee: Short sword       |    47 |    15 |       |       ||    62
         Punch             |     1 |     1 |     3 |       ||     5
         Spear             |       |    67 |    96 |       ||   163
         Halberd           |       |       |    81 |       ||    81
         Trident           |       |       |    45 |   174 ||   219
   Cast: Summon Small Mamm |    34 |       |     3 |       ||    37
         Call Imp          |     8 |    13 |       |       ||    21
         Call Canine Famil |       |    25 |    45 |    24 ||    94
         Summon Blazeheart |       |       |     1 |    14 ||    15
         Summon Lightning  |       |       |     1 |     7 ||     8
 Invoke: Divine Shield     |       |       |       |     1 ||     1
  Evoke: Wand              |       |     1 |     5 |     1 ||     7
    Use: Scroll            |     3 |     3 |       |     7 ||    13
         Potion            |       |     1 |       |     1 ||     2
   Stab: Sleeping          |     3 |     2 |       |       ||     5
         Distracted        |       |     3 |       |       ||     3
 Armour: Robe              |    16 |    60 |     3 |       ||    79
         Leather armour    |       |       |   114 |   109 ||   223
         Scale mail        |       |       |       |     7 ||     7
  Dodge: Dodged            |    45 |    50 |   121 |    70 ||   286
  Block: Buckler           |       |       |     1 |    47 ||    48
         Reflection        |       |       |     1 |     1 ||     2

Table legend: (Time is in decaauts)
 A = Elapsed time spent in this place.
 B = Non-inter-level travel time spent in this place.
 C = Inter-level travel time spent in this place.
 D = Time resting spent in this place.
 E = Time spent auto-exploring this place.
 F = Levels seen in this place.
 G = Mean time per level.
                   A        B        C        D        E       F      G
               +--------+--------+--------+--------+--------+-----+--------+
         Total |  11579 |  11049 |    530 |   1209 |   7781 |  12 |  964.9 |
       Dungeon |  11533 |  11046 |    487 |   1209 |   7781 |  11 | 1048.5 |
        Temple |     45 |      2 |     43 |      0 |      0 |   1 |   45.0 |
               +--------+--------+--------+--------+--------+-----+--------+

Top non-repeatable levels by time:
    D:10: 2008 daAuts
     D:9: 1405 daAuts
     D:4: 1390 daAuts
     D:3: 1229 daAuts
     D:5: 1111 daAuts
     D:8: 930 daAuts
     D:2: 855 daAuts
     D:6: 831 daAuts
     D:7: 784 daAuts
     D:1: 555 daAuts
    D:11: 433 daAuts
  Temple: 45 daAuts
